 Dungeon Crawl Stone Soup version 0.18-a0-1372-gd644665 (webtiles) character file.

8766 wvc the Spear-Bearer (level 11, -8/68 (75) HPs)
             Began as a Mummy Wanderer on Feb 21, 2016.
             Was the Champion of Cheibriados.
             Mangled by an orc warrior
             ... wielding a +0 scimitar
              (11 damage)
             ... on level 10 of the Dungeon.
             The game lasted 00:20:46 (8433 turns).

wvc the Spear-Bearer (Mummy Wanderer)               Turns: 8433, Time: 00:20:46

HP:   -8/68 (75)    AC: 17    Str: 33      XL:     11   Next: 14%
MP:   11/11         EV: 12    Int: 38      God:    Cheibriados [******]
Gold: 433           SH:  0    Dex: 27 (28) Spells: 0 memorised, 10 levels left

rFire  x . .     SeeInvis .     u - +4 halberd
rCold  + . .     Gourm    .     B - +7 scale mail "Witanoz" {Int+5 Dex+3}
rNeg   + + +     Faith    .     (shield currently unavailable)
rPois  ∞         Spirit   .     (no helmet)
rElec  .         Dismiss  .     v - +0 cloak
rCorr  .         Reflect  .     f - +0 pair of gloves
SustAt .         Harm     .     m - +0 pair of boots
MR     +....                    (no amulet)
Stlth  +.........               i - +4 ring of intelligence
                                (no ring)

@: very slow, somewhat resistant to hostile enchantments, very unstealthy
A: no food or potions, fire vulnerability, cold resistance 1, negative energy
resistance 3, torment resistance, unbreathing
a: Bend Time, Temporal Distortion, Slouch, Step From Time, Renounce Religion


You were on level 10 of the Dungeon.
You worshipped Cheibriados.
Cheibriados was exalted by your worship.
You were not hungry.

You visited 1 branch of the dungeon, and saw 10 of its levels.

You collected 653 gold pieces.
You spent 220 gold pieces at shops.

Inventory:

Hand Weapons
 a - a +3 hand crossbow
 n - a +0 trident
 u - a +4 halberd (weapon)
Missiles
 b - 58 bolts
 l - 6 tomahawks of returning (quivered)
Armour
 f - a +0 pair of gloves (worn)
 m - a +0 pair of boots (worn)
 q - a +0 shield
 s - the +0 Maxwell's etheric cage {RegenMP+ *Contam rElec MP+4}
   (You took it off Robin on level 2 of the Dungeon)

   It insulates you from electricity.
   It affects your magic capacity (+4).
   It causes magical contamination when unequipped.
 v - a +0 cloak (worn)
 B - the +7 scale mail "Witanoz" (worn) {Int+5 Dex+3}
   (You found it on level 6 of the Dungeon)

   It affects your intelligence (+5).
   It affects your dexterity (+3).
Magical Staves
 p - an uncursed staff of air
Jewellery
 i - a +4 ring of intelligence (right hand)
Wands
 c - a wand of paralysis (12/24)
 o - a wand of paralysis (17/24)
 y - a wand of flame (28/48)
 z - a wand of confusion (31/48)
 A - a wand of digging (7/24)
 E - a wand of teleportation (4/9)
 F - a wand of iceblast (7/15)
Scrolls
 d - 7 scrolls of teleportation
 e - 3 scrolls of enchant armour
 g - a scroll of amnesia
 h - a scroll of fog
 j - 3 scrolls of identify
 k - 2 scrolls of remove curse
 t - 5 scrolls of immolation
 w - a scroll of magic mapping
 x - a scroll of enchant weapon
 D - a scroll of fear
 G - a scroll of vulnerability
Books
 C - a book of Burglary

   Spells                             Type                      Level
   a - Swiftness                      Charms/Air                   2
   b - Passwall                       Transmutation/Earth          2
   c - Passage of Golubria            Translocation                4
   d - Lee's Rapid Deconstruction     Earth                        5
   e - Darkness                       Hexes                        6
   f - Invisibility                   Hexes                        6
Miscellaneous
 r - a plain deck of summoning {the Elements}


   Skills:
 - Level 3.0 Fighting
 * Level 13.4 Polearms
 - Level 3.2 Crossbows
 - Level 1.0 Throwing
 - Level 3.4 Armour
 - Level 2.0 Dodging
 + Level 1.0 Evocations


You had 10 spell levels left.
You didn't know any spells.

Dungeon Overview and Level Annotations

Branches:
Dungeon (10/15)            Temple (0/1) D:7
   Lair: D:8-11         Orc: D:9-12

Altars:
Ashenzari
Cheibriados
Dithmenos
Gozag
Kikubaaqudgha
Makhleb
Nemelex Xobeh
Trog
Yredelemnul

Shops:
D:6 *   D:9 *


Innate Abilities, Weirdness & Mutations

You do not eat or drink.
Your flesh is vulnerable to fire.
You are immune to poison.
Your flesh is cold resistant.
You are immune to negative energy.
You are immune to unholy pain and torment.
You can survive without breathing.


Message History

Beogh smites you! The orc priest misses you.
You slash the orc priest!
You kill the orc priest!
Cheibriados appreciates the change of pace.
You barely miss the orc warrior.
The orc warrior hits you with a scimitar.
You hit the orc warrior.
The orc warrior is lightly wounded.
The orc priest looks braver for a moment.
You hit the orc warrior.
The orc warrior is lightly wounded.
The orc priest invokes the aid of Beogh against you.
Beogh smites you!
* * * LOW HITPOINT WARNING * * *
The orc warrior hits you with a scimitar!
* * * LOW HITPOINT WARNING * * *
You slash the orc warrior!
The orc warrior is severely wounded.
The orc warrior hits you with a scimitar!
You die...

.#...........##......#
.#.#.###+#...##......###
.#...........##........
####.###.##..##......#####
.....# #.##..##...........
########.##..##...........
.........##..##......#
############.###†#)#.#
.........##@#.# #
########.##o#.#
..........o#.#
#######...)#.# ##...#.#
......... ..o.........
....####.....# ....
#..$..#


You could see an orc warrior and an orc priest.

Vanquished Creatures
  Erolcha (D:9)
  Pikel (D:9)
  A manticore (D:9)
  The ghost of Kilingo the Slinger, a novice HaHu of Dithmenos (D:6)
  A troll (D:9)
  Grinder (D:6)
  A yak (D:8)
  Grum (D:9)
  2 hippogriffs
  A hungry ghost (D:10)
  2 wargs (D:10)
  4 wolves (D:9)
  A water moccasin (D:7)
  Duvessa (D:4)
  2 slaves (D:9)
  4 orc warriors
  A sky beast (D:9)
  2 ice beasts
  A phantom (D:8)
  A wasp (D:8)
  3 black bears
  4 ogres
  2 centaurs
  A gnoll sergeant (D:9)
  6 giant frogs
  Dowan (D:4)
  4 scorpions
  6 killer bees (D:9)
  8 wights
  An electric eel (D:7)
  7 crimson imps
  A centaur zombie (D:4)
  A quasit (D:10)
  2 giant frog zombies
  7 orc priests
  A wasp zombie (D:9)
  4 jellies
  5 hounds
  Crazy Yiuf (D:6)
  A giant frog skeleton (D:4)
  2 centaur skeletons
  Jessica (D:3)
  3 iguanas
  11 worker ants
  6 orc wizards
  2 hound zombies
  A hound skeleton (D:4)
  Robin (D:2)
  2 worker ant zombies (D:4)
  10 adders
  6 gnolls
  A shadow imp (D:5)
  6 oozes
  2 adder skeletons
  3 adder zombies
  6 worms
  4 giant geckos
  44 orcs
  7 bats
  5 giant cockroaches
  2 gnoll zombies (D:3)
  18 goblins
  11 hobgoblins
  7 jackals
  3 quokkas
  3 ball python skeletons
  A giant cockroach zombie (D:5)
  A giant gecko skeleton (D:4)
  2 giant gecko zombies (D:4)
  6 giant newts
  A jackal zombie (D:4)
  6 kobolds
  A quokka skeleton (D:7)
  A quokka zombie (D:4)
  13 rats
295 creatures vanquished.

Vanquished Creatures (others)
  2 slaves (D:9)
  A quokka (D:7)
  5 toadstools (D:1)
8 creatures vanquished.

Grand Total: 303 creatures vanquished

Notes
Turn   | Place    | Note
--------------------------------------------------------------
     0 | D:1      | wvc the Mummy Wanderer began the quest for the Orb.
     0 | D:1      | wvc set off with: a +2 hand crossbow, 26 bolts, a +0 ring mail, a scroll of teleportation
     0 | D:1      | Reached XP level 1. HP: 18/18 MP: 1/1
   190 | D:1      | Reached XP level 2. HP: 20/24 MP: 2/2
   364 | D:1      | Found a snail-covered altar of Cheibriados.
   392 | D:1      | Became a worshipper of Cheibriados the Contemplative
   939 | D:2      | Reached XP level 3. HP: 29/29 MP: 3/3
   945 | D:2      | Noticed Robin
   950 | D:2      | Reached * piety under Cheibriados
  1240 | D:2      | Reached skill level 1 in Dodging
  1527 | D:2      | Reached XP level 4. HP: 28/35 MP: 4/4
  1597 | D:2      | Killed Robin
  1675 | D:2      | Reached ** piety under Cheibriados
  1916 | D:2      | You fall through a shaft!
  1968 | D:3      | Reached XP level 5. HP: 41/41 MP: 5/5
  2025 | D:3      | Found a basalt altar of Yredelemnul.
  2287 | D:2      | Found a burning altar of Makhleb.
  2483 | D:3      | Reached skill level 1 in Polearms
  2554 | D:3      | Reached *** piety under Cheibriados
  2579 | D:3      | Noticed Jessica
  2583 | D:3      | Killed Jessica
  3003 | D:3      | Found an opulent altar of Gozag.
  3150 | D:4      | Reached XP level 6. HP: 46/46 MP: 6/6
  3242 | D:4      | Found a shattered altar of Ashenzari.
  3389 | D:4      | Reached skill level 4 in Polearms
  3399 | D:4      | Noticed Duvessa
  3400 | D:4      | Noticed Dowan
  3400 | D:4      | Noticed an ice beast
  3408 | D:4      | Killed Duvessa
  3408 | D:4      | Reached XP level 7. HP: 44/51 MP: 7/7
  3411 | D:4      | Reached skill level 5 in Polearms
  3418 | D:4      | Killed Dowan
  3418 | D:4      | Reached **** piety under Cheibriados
  3738 | D:5      | Entered Level 5 of the Dungeon
  3873 | D:5      | Reached skill level 6 in Polearms
  3929 | D:5      | Found a sparkling altar of Nemelex Xobeh.
  4194 | D:5      | Reached XP level 8. HP: 53/57 MP: 8/8
  4501 | D:6      | Reached skill level 7 in Polearms
  4510 | D:6      | Found Ritta's Assorted Antiques.
  4519 | D:6      | Bought a glowing gold wand for 96 gold pieces
  4519 | D:6      | Bought a runed bone wand for 96 gold pieces
  4554 | D:6      | Noticed Grinder
  4554 | D:6      | Noticed Kilingo's ghost (novice HaHu)
  4558 | D:6      | Reached ***** piety under Cheibriados
  4581 | D:6      | Killed Kilingo's ghost
  4581 | D:6      | Reached skill level 8 in Polearms
  4595 | D:6      | Killed Grinder
  4917 | D:6      | Found an ancient bone altar of Kikubaaqudgha.
  4938 | D:6      | Reached XP level 9. HP: 58/62 MP: 9/9
  5086 | D:6      | Reached skill level 9 in Polearms
  5197 | D:6      | Got a fine scale mail
  5208 | D:6      | Identified the +7 scale mail "Witanoz" {Int+5 Dex+3} (You found it on level 6 of the Dungeon)
  5418 | D:6      | Noticed Crazy Yiuf
  5420 | D:6      | Killed Crazy Yiuf
  5894 | D:7      | Reached skill level 10 in Polearms
  5993 | D:7      | Found a bloodstained altar of Trog.
  5993 | D:7      | Found a shadowy altar of Dithmenos.
  6347 | D:7      | Found a staircase to the Ecumenical Temple.
  6451 | D:8      | Reached ****** piety under Cheibriados
  6572 | D:8      | Reached skill level 11 in Polearms
  6682 | D:8      | Reached XP level 10. HP: 42/63 MP: 10/10
  7310 | D:9      | Noticed Pikel
  7323 | D:9      | Killed Pikel
  7530 | D:9      | Noticed Grum
  7531 | D:9      | Reached skill level 12 in Polearms
  7541 | D:9      | Killed Grum
  7659 | D:9      | Noticed Erolcha
  7660 | D:9      | Noticed a manticore
  7662 | D:9      | Killed Erolcha
  7666 | D:9      | Killed a manticore
  7675 | D:9      | Reached skill level 13 in Polearms
  7891 | D:9      | Found Vunos's Assorted Antiques.
  7910 | D:9      | Reached XP level 11. HP: 36/68 MP: 11/11
  8078 | D:9      | Bought a scroll labeled UVVAG LUASO for 28 gold pieces
  8246 | D:10     | Entered Level 10 of the Dungeon
  8432 | D:10     | HP: 3/68 [orc warrior/scimitar (12)]
  8433 | D:10     | Mangled by an orc warrior

Vault maps used:
D:1:      ldierk_walled_garden, cheibriados_altar_1
D:2:      lemuel_coloured_pillars_altar, first_bread, minivault_14, uniq_robin
D:3:      lemuel_zombie_altar_yredelemnul, grunt_gozag_statues, uniq_jessica
D:4:      nicolae_ashenzari_panopticon, serial_undead, serial_undead_d,
          serial_undead_e, serial_undead_e, serial_undead_f, serial_undead_e,
          uniq_duvessa
D:5:      nemelex_deck
D:6:      nicolae_overflow_crystal_walls, serial_shops,
          nicolae_shop_temple_entry_statues_fountains, st_stairs_1,
          uniq_crazy_yiuf_cottage, uniq_grinder
D:7:      gammafunk_temple_overflow_pools, minmay_temple_entry_poolview,
          kennysheep_diamond
D:8:      serial_glass, glass_columns_a, glass_columns_a, glass_columns_b,
          glass_columns_a, glass_columns_b, glass_columns_b, glass_columns_a,
          glass_columns_a
D:9:      serial_shops, shop, hangedman_little_slice_of_home, uniq_pikel,
          uniq_erolcha, uniq_grum
D:10:     erik_lair_orcish_takeover, orc_0_dummy

Action                   |  1- 3 |  4- 6 |  7- 9 | 10-12 || total
-------------------------+-------+-------+-------+-------++-------
Melee: Halberd           |       |   117 |   312 |   227 ||   656
 Fire: Hand crossbow     |   105 |    53 |       |       ||   158
Throw: Tomahawk          |       |     7 |     1 |       ||     8
  Use: Scroll            |     5 |    10 |     4 |     3 ||    22
 Stab: Sleeping          |       |       |     1 |       ||     1
       Distracted        |       |       |     1 |       ||     1
